 Dungeon Crawl Stone Soup version 0.30.1-3-gfc49f6343a (webtiles) character file.

Game seed: 13460839042288943263

4789 Peloso the Carver (level 10, -3/90 HPs)
             Began as a Minotaur Fighter on July 27, 2023.
             Was a Believer of Okawaru.
             Killed by vampiric draining
             ... invoked by a vampire
              (12 damage)
             ... on level 9 of the Dungeon.
             The game lasted 00:15:18 (8382 turns).

Peloso the Carver (Minotaur Fighter)                Turns: 8382, Time: 00:15:18

Health: -3/90      AC: 17    Str: 23    XL:     10   Next: 24%
Magic:  8/9        EV:  9    Int:  5    God:    Okawaru [**....]
Gold:   476        SH:  5    Dex: 12    Spells: 9/9 levels left

rFire   . . .        a - +4 scimitar
rCold   . . .        d - +0 buckler
rNeg    . . .        c - +0 chain mail
rPois   .            (helmet restricted)
rElec   .            (no cloak)
rCorr   .            B - +0 pair of gloves
SInv    .            (no boots)
Will    .....        (no amulet) Stlth
                     v - +4 ring of protection
HPRegen 0.35/turn    (no ring)
MPRegen 0.11/turn

%: no passive effects
@: no status effects
A: horns 2, retaliatory headbutt
a: Renounce Religion, Heroism


You were on level 9 of the Dungeon.
You worshipped Okawaru.
Okawaru was pleased with you.
You visited 2 branches of the dungeon, and saw 10 of its levels.

You collected 476 gold pieces.

Inventory:

Hand Weapons
 a - a +4 scimitar (weapon)
 b - a +3 falchion
Missiles
 i - 3 throwing nets (quivered)
Armour
 c - a +0 chain mail (worn)
 d - a +0 buckler (worn)
 B - a +0 pair of gloves (worn)
Jewellery
 r - an amulet of faith
 u - an amulet of guardian spirit
 v - a +4 ring of protection (left hand)
 x - a ring of protection from fire
Wands
 e - a wand of digging (13)
 y - a wand of roots (5)
Scrolls
 g - 2 scrolls of enchant weapon
 h - 6 scrolls of poison
 k - a scroll of enchant armour
 l - 2 scrolls of magic mapping
 m - 5 scrolls of teleportation
 o - 2 scrolls of fog
 q - a scroll of noise {unknown}
 t - 2 scrolls of blinking {unknown}
 C - a scroll of silence {unknown}
Potions
 f - 2 potions of invisibility
 j - a potion of might
 n - 4 potions of lignification
 p - 7 potions of curing
 s - 2 potions of magic
 w - 3 potions of haste
 z - 3 potions of brilliance


   Skills:
 + Level 8.4 Fighting
 + Level 11.2 Long Blades
 + Level 9.8 Armour
 + Level 3.5 Dodging
 + Level 1.2 Stealth
 + Level 7.5 Shields
 + Level 0.8 Invocations
 + Level 0.2 Evocations


You had 9 spell levels left.
You didn't know any spells.
Your spell library contained the following spells:

 Spells                   Type           Power      Damage    Failure   Level
 Blink                    Tloc           0%         N/A       99%         2
 Ensorcelled Hibernation  Hex/Ice        0%         N/A       99%         2
 Lesser Beckoning         Tloc           0%         N/A       99%         2
 Momentum Strike          Conj/Tloc      0%         3d8       99%         2
 Passwall                 Tmut/Erth      0%         N/A       99%         2
 Gell's Gravitas          Tloc           0%         N/A       100%        3
 Ignite Poison            Fire/Tmut/Pois 0%         N/A       100%        3
 Inner Flame              Hex/Fire       0%         N/A       100%        3
 Portal Projectile        Hex/Tloc       0%         N/A       100%        3
 Swiftness                Air            0%         N/A       100%        3
 Teleport Other           Tloc           0%         N/A       100%        3
 Flame Wave               Conj/Fire      0%         2d4       100%        4
 Leda's Liquefaction      Hex/Erth       0%         N/A       100%        4
 Sticky Flame             Conj/Fire      0%         2d3       100%        4
 Ignition                 Fire           0%         3d3       100%        8
 Call Canine Familiar     Summ           Unusable   N/A       N/A         3

Dungeon Overview and Level Annotations

Branches:
Dungeon (9/15)             Temple (1/1) D:5
   Lair: D:8-11         Orc: D:9-12

Altars:
Ashenzari
Cheibriados
Elyvilon
Fedhas
Hepliaklqana
Kikubaaqudgha
Nemelex Xobeh
Okawaru
Qazlal
Ru
Sif Muna
Trog
Uskayaw
Vehumet
Wu Jian
Xom
The Shining One


Innate Abilities, Weirdness & Mutations

You have a pair of horns on your head.
You reflexively headbutt those who attack you in melee.


Message History

Something draws life force from you!!
* * * LOW HITPOINT WARNING * * *
Unknown command.
You miss something. Something hits you but does no damage.
Something bites you but does no damage.
Unknown command.
You hit something.
Unknown command.
You feel much better. Something hits you but does no damage.
You block something's attack.
Aiming: Fastroot
Press: ? - help, Shift-Dir - straight line, f - kobold
Aim: a kobold, wielding a +0 club The roots erupt in riotous growth!
Roots grab the kobold.
The grasping roots constrict the kobold.
You kill the kobold!
You hear a shout! x2
Something hits you but does no damage. Something bites you!
Something draws strength from your injuries!
You hit something. Your headbutt misses something.
Something hits you but does no damage. Something bites you but does no damage.
You miss something. Your headbutt misses something. Something hits you.
* * * LOW HITPOINT WARNING * * *
Something completely misses you.
You barely miss something. You headbutt something. Something hits you.
* * * LOW HITPOINT WARNING * * *
Something bites you but does no damage.
An orc wizard comes into view. It is wielding a +0 dagger.
You closely miss something. Something hits you!
* * * LOW HITPOINT WARNING * * *
Something bites you but does no damage. You block the orc wizard's attack.
You barely miss something. You headbutt something!
Something draws life force from you!
* * * LOW HITPOINT WARNING * * *
The orc wizard gestures at you while chanting.
You easily resist.
You hit something but do no damage. Your headbutt misses something.
Something draws life force from you!
You die...

#...#####.#####
#...#.....{...#
#...#.........#
#...#.......o.#
#...#.........###
#..............o#
##...#.........#{#
.....#.........#{#
###..#.........#@#
.....#.........#.o.#
###..#####.#########
####..........
..............
.#####......###
.#####......#
....##......#
##.###......#


You could see an orc warrior and an orc wizard.

Vanquished Creatures
  Harold (D:9)
  Maurice (D:8)
  Psyche (D:8)
  Prince Ribbit (D:5)
  A shadow (D:9)
  A yak (D:6)
  Grum (D:8)
  A steam dragon (D:7)
  A water moccasin (D:7)
  2 ice beasts
  An orc warrior (D:7)
  A black bear (D:5)
  A sky beast (D:7)
  3 wolves (D:7)
  A centaur (D:5)
  3 phantoms
  A kobold brigand (D:8)
  3 bullfrogs
  3 scorpions
  8 wights (D:8)
  2 howler monkeys
  2 jellies
  2 orc priests
  4 hounds
  A gnoll bouda (D:6)
  4 iguanas
  5 orc wizards
  2 sleepcaps (D:4)
  7 gnolls
  10 adders
  2 shadow imps
  A worm (D:2)
  23 orcs
  3 bats
  3 endoplasms
  3 giant cockroaches
  5 goblins
  5 hobgoblins
  6 jackals
  4 quokkas
  8 ball pythons
  5 frilled lizards
  15 kobolds
  4 rats
162 creatures vanquished.

Notes
Turn   | Place    | Note
-------+----------+-------------------------------------------
     0 | D:1      | Peloso the Minotaur Fighter began the quest for the Orb.
     0 | D:1      | Reached XP level 1. HP: 19/19 MP: 0/0
   470 | D:1      | Reached XP level 2. HP: 25/27 MP: 1/1
   981 | D:2      | Found a faded altar of an unknown god.
  1210 | D:2      | Reached XP level 3. HP: 32/33 MP: 2/2
  1299 | D:2      | Reached skill level 3 in Long Blades
  1572 | D:3      | Reached XP level 4. HP: 37/40 MP: 3/3
  1958 | D:3      | Noticed an ogre
  2231 | D:4      | Reached skill level 4 in Long Blades
  2231 | D:4      | Reached XP level 5. HP: 42/47 MP: 4/4
  2275 | D:4      | Noticed a phantom
  2281 | D:4      | Killed a phantom
  2282 | D:4      | Reached skill level 5 in Armour
  2352 | D:4      | Noticed a phantom
  2361 | D:4      | Killed a phantom
  2362 | D:4      | Reached skill level 1 in Dodging
  2362 | D:4      | Reached XP level 6. HP: 53/53 MP: 5/5
  2433 | D:4      | Reached skill level 5 in Long Blades
  3240 | D:5      | Entered Level 5 of the Dungeon
  3253 | D:5      | Reached skill level 6 in Long Blades
  3253 | D:5      | Reached XP level 7. HP: 52/60 MP: 6/6
  3291 | D:5      | Reached skill level 5 in Fighting
  3460 | D:5      | Reached skill level 5 in Shields
  3599 | D:5      | Found a staircase to the Ecumenical Temple.
  3634 | Temple   | Entered the Ecumenical Temple
  3875 | Temple   | Became a worshipper of Warmaster Okawaru
  3931 | D:5      | Noticed Prince Ribbit
  3958 | D:5      | Killed Prince Ribbit
  3959 | D:5      | Reached skill level 7 in Long Blades
  4007 | D:5      | Reached XP level 8. HP: 65/70 MP: 7/7
  4599 | D:6      | Reached skill level 8 in Long Blades
  5070 | D:6      | Reached * piety under Okawaru
  5851 | D:7      | Reached XP level 9. HP: 57/78 MP: 8/8
  6266 | D:6      | Reached skill level 9 in Long Blades
  6381 | D:7      | Found a blossoming altar of Fedhas.
  6581 | D:8      | Noticed Grum
  6662 | D:7      | Reached skill level 1 in Stealth
  6819 | D:8      | Killed Grum
  7164 | D:8      | Reached skill level 10 in Long Blades
  7553 | D:8      | Noticed Psyche
  7567 | D:8      | Killed Psyche
  7567 | D:8      | Reached ** piety under Okawaru
  7692 | D:8      | Noticed Maurice
  7707 | D:8      | Killed Maurice
  7708 | D:8      | Reached XP level 10. HP: 85/88 MP: 9/9
  8177 | D:9      | Found a sparkling altar of Nemelex Xobeh.
  8202 | D:9      | Noticed Harold
  8222 | D:9      | Killed Harold
  8223 | D:9      | Reached skill level 11 in Long Blades
  8382 | D:9      | Killed from afar by a vampire

Illustrated notes

Levels and vault maps discovered:
D:1:      dpeg_arrival_fog, layout_loops_corners, chequers_serial_rivers_micro_b
D:2:      layout_loops_cross, hellmonk_ecumenical_altar_inner_sanctum,
          corexii_corridor_pit, serial_park_tiny_1
D:3:      minmay_evil_eye, layout_basic, minmay_misc_feat_doors,
          minmay_quantized
D:4:      layout_cave_pools, hangedman_abyss_or_decor_passed,
          chequers_big_river, nicolae_concentric_dashed_squares_wild,
          minmay_misc_feat_x
D:5:      layout_loops_ring, minmay_temple_entry_hall, uniq_prince_ribbit1
D:6:      layout_loops_ring
D:7:      layout_cave_pools, mainiacjoe_overflow_alcove_4,
          kennysheep_opposing_triangles
D:8:      layout_gridville, uniq_grum, uniq_psyche, uniq_maurice
D:9:      minmay_the_grid_3x3 [minmay_the_grid_pillar_ring,
          minmay_the_grid_mess, minmay_the_grid_aliased_spiral,
          minmay_the_grid_outer_circle, minmay_the_grid_broken_lines,
          minmay_the_grid_empty, minmay_the_grid_paths,
          minmay_the_grid_medium_cups, minmay_the_grid_prize_diamond_cup],
          layout_basic, mainiacjoe_overflow_paths, uniq_harold, uniq_maggie
Temple:   mainiacjoe_temple_big_plus

Skill      XL: |  1  2  3  4  5  6  7  8  9 10 |
---------------+-------------------------------+-----
Armour         | 4 5 6 8 9 |  9.8
Shields        | 4 5 6 7 |  7.5
Fighting       | 4 5 6 8 |  8.4
Long Blades    | 3 4 6 7 8 10 11 | 11.2
Dodging        | 1 2 3 |  3.5
Stealth        | 1 |  1.2
Invocations    | |  0.8
Evocations     | |  0.2

Action                     |  1- 3 |  4- 6 |  7- 9 | 10-12 || total
---------------------------+-------+-------+-------+-------++-------
  Melee: Long sword        |    82 |   119 |   332 |       ||   533
         Headbutt          |     8 |    17 |    69 |    11 ||   105
         Scimitar          |       |       |    35 |    47 ||    82
         Falchion          |       |       |    11 |       ||    11
 Invoke: Heroism           |       |       |     4 |     3 ||     7
  Evoke: Wand              |       |       |     2 |     1 ||     3
    Use: Potion            |     3 |       |       |     2 ||     5
         Scroll            |     1 |     4 |     3 |     5 ||    13
 Armour: Scale mail        |    13 |       |       |       ||    13
         Chain mail        |    32 |    63 |   201 |    21 ||   317
  Dodge: Dodged            |    41 |    58 |   152 |     5 ||   256
  Block: Buckler           |    20 |    25 |    94 |     8 ||   147
